 Dungeon Crawl Stone Soup version 0.29-a0-802-g34511f41fd (webtiles) character file.

Game seed: 14937879672373122991

827 kevlar127 the Ruffian (level 7, -3/72 HPs)
             Began as a Troll Berserker on July 3, 2022.
             Was a Priest of Trog.
             Slain by a water moccasin (4 damage)
             ... on level 5 of the Dungeon.
             The game lasted 00:05:25 (2870 turns).

kevlar127 the Ruffian (Troll Berserker)             Turns: 2870, Time: 00:05:26

Health: -3/72      AC:  5    Str: 28    XL:     7   Next: 64%
Magic:  6/6        EV: 10    Int:  3    God:    Trog [***...]
Gold:   127        SH:  0    Dex:  9    Spells: 6/6 levels left

rFire   . . .      SeeInvis .     - Unarmed
rCold   . . .      Faith    .   (no shield)
rNeg    . . .      Spirit   .   a - +0 animal skin
rPois   .          Reflect  .   (helmet restricted)
rElec   .          Harm     .   v - +0 cloak
rCorr   .          Rampage  .   (gloves unavailable)
Will    .....                   (boots unavailable)
Stlth   +.........              (no amulet)
HPRegen 1.02/turn               (no ring)
MPRegen 0.10/turn               (no ring)

@: lethally poisoned (-3 -> -8)
A: large, unfitting armour, claws 3, regeneration 1, shaggy fur 1, tough skin 1
a: Renounce Religion, Berserk, Trog's Hand


You were on level 5 of the Dungeon.
You worshipped Trog.
Trog was most pleased with you.
You visited 1 branch of the dungeon, and saw 5 of its levels.

You collected 127 gold pieces.

Inventory:

Missiles
 g - 6 boomerangs (quivered)
 h - 45 stones
 k - 14 poisoned darts
 r - 5 curare-tipped darts
 t - 4 javelins
Armour
 a - a +0 animal skin (worn)
 v - a +0 cloak (worn)
Jewellery
 s - a ring of positive energy
 u - a ring of poison resistance
Scrolls
 b - 6 scrolls of identify {unknown}
 c - a scroll of torment {unknown}
 d - 5 scrolls of teleportation {unknown}
 e - a scroll of noise {unknown}
 m - 2 scrolls of enchant weapon {unknown}
 n - a scroll of blinking {unknown}
 o - a scroll of immolation {unknown}
 p - a scroll of amnesia {unknown}
 q - a scroll of enchant armour {unknown}
Potions
 f - a potion of mutation {unknown}
 i - 3 potions of lignification {unknown}
 j - 2 potions of degeneration {unknown}
 l - 3 potions of curing {unknown}


   Skills:
 + Level 5.6 Fighting
 - Level 2.4 Dodging
 + Level 6.8 Unarmed Combat


You had 6 spell levels left.
You didn't know any spells.
Your spell library was empty.

Dungeon Overview and Level Annotations

Branches:
Dungeon (5/15)
 Temple: D:4-7

Altars:


Innate Abilities, Weirdness & Mutations

You are too large for most types of armour.
You have claws for hands.
Your natural rate of healing is unusually fast.
You are covered in fur. (AC +1)
You have tough skin. (AC +1)


Message History

You are more poisoned.
The water moccasin poisons you!
An iguana comes into view.
You scratch the water moccasin but do no damage.
You feel very sick. The water moccasin bites you!
You are more poisoned.
The water moccasin poisons you!
You scratch the water moccasin but do no damage.
You feel very sick. The water moccasin bites you.
You are more poisoned.
The water moccasin poisons you! The water moccasin misses you.
You closely miss the water moccasin.
You feel extremely sick. The water moccasin barely misses you.
You scratch the iguana. Your claw misses the iguana.
The iguana is lightly wounded.
You feel very sick.
The water moccasin bites you but does no damage.
You are too injured to fight recklessly!
You are too injured to fight recklessly!
Unknown command.
You closely miss the water moccasin.
You feel very sick. The iguana bites you!
* * * LOW HITPOINT WARNING * * *
The water moccasin bites you.
* * * LOW HITPOINT WARNING * * *
You barely miss the water moccasin.
* * * LOW HITPOINT WARNING * * *
You feel very sick.
The water moccasin bites you but does no damage.
The iguana bites you!
* * * LOW HITPOINT WARNING * * *
Unknown command.
* * * LOW HITPOINT WARNING * * *
You feel very sick. The water moccasin bites you.
You die...

#≈.# .. #≈.# ≈.≈ #≈.#
≈.≈#####≈.# ##
≈.≈≈≈≈≈≈≈.# #.
........###############
.......................
#.##.##.###############
#..@.# #...... #lS###
#...... ...... #......
......... #......
........... #......
..##........ #...... .
#..#.##### #......
...... .........
.#.#####.


You could see a water moccasin and an iguana.

Vanquished Creatures
  Sigmund (D:2)
  A black bear (D:5)
  An ogre (D:4)
  A phantom (D:5)
  2 necrophages
  2 hounds
  2 iguanas
  2 orc wizards (D:3)
  5 adders
  An ufetubus (D:4)
  A worm (D:2)
  4 dart slugs
  11 orcs
  7 endoplasms
  2 giant cockroaches (D:3)
  5 goblins
  9 hobgoblins
  9 jackals
  3 quokkas
  4 ball pythons
  4 bats
  4 frilled lizards
  3 kobolds
  5 rats
  4 bushes (D:4)
93 creatures vanquished.

Vanquished Creatures (others)
  3 plants (D:4)
3 creatures vanquished.

Grand Total: 96 creatures vanquished

Notes
Turn   | Place    | Note
-------+----------+-------------------------------------------
     0 | D:1      | kevlar127 the Troll Berserker began the quest for the Orb.
     0 | D:1      | Reached XP level 1. HP: 22/22 MP: 0/0
   133 | D:1      | Reached XP level 2. HP: 29/29 MP: 1/1
   575 | D:2      | Reached XP level 3. HP: 36/36 MP: 2/2
   838 | D:2      | Noticed Sigmund
   848 | D:2      | Killed Sigmund
   849 | D:2      | Reached skill level 4 in Unarmed Combat
   849 | D:2      | Reached XP level 4. HP: 25/48 MP: 3/3
   849 | D:2      | Reached XP level 5. HP: 29/54 MP: 4/4
   894 | D:2      | Found a faded altar of an unknown god.
  1096 | D:3      | Reached ** piety under Trog
  1103 | D:3      | Reached skill level 5 in Unarmed Combat
  1122 | D:3      | Reached XP level 6. HP: 58/62 MP: 5/5
  1829 | D:4      | Reached *** piety under Trog
  2105 | D:4      | Reached skill level 5 in Fighting
  2105 | D:4      | Reached skill level 6 in Unarmed Combat
  2105 | D:4      | Reached XP level 7. HP: 72/72 MP: 6/6
  2740 | D:5      | Entered Level 5 of the Dungeon
  2870 | D:5      | HP: 1/72 [poisoned by a water moccasin]
  2870 | D:5      | Slain by a water moccasin

Illustrated notes

Levels and vault maps discovered:
D:1:      mrwooster_arrival_statue_2, layout_rooms
D:2:      layout_basic, hellmonk_ecumenical_altar_heavens_door, uniq_sigmund
D:3:      layout_rooms, kennysheep_decorative_pillar,
          minmay_misc_feat_four_crosses, minmay_randomly_rotated_circles
D:4:      layout_basic, serial_forest, infiniplex_forest_end_2,
          infiniplex_forest_clump_small, infiniplex_forest_join,
          infiniplex_forest_corner_1, infiniplex_forest_fountain,
          infiniplex_forest_zigzag_1, infiniplex_forest_lined_room_,
          due_unseen_surprise
D:5:      layout_basic, nicolae_overflow_two_pavilions

Skill      XL: |  1  2  3  4  5  6 |
---------------+-------------------+-----
Fighting       | 4 5 |  5.6
Unarmed Combat | 4 5 6 |  6.8
Dodging        | |  2.4

Action                   |  1- 3 |  4- 6 |  7- 9 || total
-------------------------+-------+-------+-------++-------
Melee: Unarmed           |    62 |   115 |   134 ||   311
       Punch             |     1 |     3 |     9 ||    13
Invok: Berserk           |       |     1 |       ||     1
Armor: Animal skin       |    21 |    53 |     8 ||    82
Dodge: Dodged            |    19 |    76 |     8 ||   103

Table legend: (Time is in decaauts)
 A = Elapsed time spent in this place.
 B = Non-inter-level travel time spent in this place.
 C = Inter-level travel time spent in this place.
 D = Time resting spent in this place.
 E = Time spent auto-exploring this place.
 F = Levels seen in this place.
 G = Mean time per level.
                   A        B        C        D        E       F      G
               +--------+--------+--------+--------+--------+-----+--------+
         Total |   2851 |   2693 |    158 |     51 |   2063 |   5 |  570.2 |
       Dungeon |   2851 |   2693 |    158 |     51 |   2063 |   5 |  570.2 |
               +--------+--------+--------+--------+--------+-----+--------+

Top non-repeatable levels by time:
     D:4: 950 daAuts
     D:3: 685 daAuts
     D:2: 575 daAuts
     D:1: 512 daAuts
     D:5: 127 daAuts
